[ PARTIDA AOE2 · #506642271 ]
UnrankedBohemios vs Italians
Equipo del jugador · DERR
Equipo rival · VICT
[ ANÁLISIS DE REPETICIÓN · EXTRAÍDO DE LA PARTIDA GRABADA ]
Feudal
11:02
Castillos
15:01
Imperial
30:38
| APM promedio | 32.2 |
| APM pico | 59 |
| eAPM promedio | 17.9 |
| Aldeanos / militares | 86 / 29 |
Foco
⚔️ 25.9% · 🌾 74.1%
Hussite Wagon ×19 · Monk ×7 · Mangonel ×2 · Battering Ram ×1
Feudal
10:56
Castillos
14:52
Imperial
28:57
| APM promedio | 45.5 |
| APM pico | 123 |
| eAPM promedio | 25.5 |
| Aldeanos / militares | 108 / 18 |
Foco
⚔️ 37.8% · 🌾 62.2%
Unknown (882) ×21 · Monk ×5 · Battering Ram ×4 · Scout Cavalry ×4 · Mangonel ×3 · Trebuchet (Packed) ×2
Mapa de la partida
Recursos iniciales + cada clic de construcción. Líneas = muros · curvas = relieve. ◆ oro · ⬟ piedra · ● bayas · ✦ reliquia · ◌ hueco del cierre
Tu base· ✓ Cerrada en 15:01 · 0t muro · 2 puerta(s)
Base de Chungus· ✓ Cerrada en 14:52 · 0t muro · 2 puerta(s)
Terreno inicial suavizado · ◌ = hueco del cierre detectado · pasá el cursor para detalles
Inputs por minuto
— LMG_SON SABANDIJAS - - Chungus
Build order — LMG_SON SABANDIJAS
Primeras 150 de 166 acciones detectadas
| 0:01 | Encolar | Villager (Male) |
| 0:01 | Encolar | Villager (Male) |
| 0:02 | Construir | House |
| 0:04 | Construir | House |
| 0:12 | Encolar | Villager (Male) |
| 0:12 | Encolar | Villager (Male) |
| 1:27 | Encolar | Villager (Male) |
| 1:28 | Encolar | Villager (Male) |
| 1:28 | Encolar | Villager (Male) |
| 1:45 | Construir | Lumber Camp |
| 1:58 | Encolar | Villager (Male) |
| 1:59 | Encolar | Villager (Male) |
| 1:59 | Encolar | Villager (Male) |
| 2:14 | Encolar | Villager (Male) |
| 2:15 | Encolar | Villager (Male) |
| 2:45 | Encolar | Villager (Male) |
| 2:45 | Encolar | Villager (Male) |
| 2:46 | Encolar | Villager (Male) |
| 3:09 | Construir | House |
| 3:14 | Encolar | Villager (Male) |
| 3:15 | Encolar | Villager (Male) |
| 3:51 | Encolar | Villager (Male) |
| 3:51 | Encolar | Villager (Male) |
| 3:51 | Encolar | Villager (Male) |
| 3:52 | Encolar | Villager (Male) |
| 4:00 | Construir | House |
| 4:27 | Construir | Mill |
| 4:39 | Encolar | Villager (Male) |
| 4:39 | Encolar | Villager (Male) |
| 4:47 | Construir | House |
| 5:06 | Encolar | Villager (Male) |
| 5:06 | Encolar | Villager (Male) |
| 5:07 | Encolar | Villager (Male) |
| 5:18 | Encolar | Villager (Male) |
| 5:28 | Construir | Mill |
| 5:48 | Encolar | Villager (Male) |
| 5:48 | Encolar | Villager (Male) |
| 5:48 | Encolar | Villager (Male) |
| 6:17 | Encolar | Villager (Male) |
| 6:17 | Encolar | Villager (Male) |
| 6:17 | Encolar | Villager (Male) |
| 6:45 | Encolar | Villager (Male) |
| 6:46 | Encolar | Villager (Male) |
| 6:51 | Construir | Mining Camp |
| 7:04 | Encolar | Villager (Male) |
| 7:06 | Encolar | Villager (Male) |
| 7:55 | Encolar | Villager (Male) |
| 7:55 | Encolar | Villager (Male) |
| 7:55 | Encolar | Villager (Male) |
| 8:10 | Construir | Farm |
| 8:23 | Investigar | Loom |
| 8:52 | Investigar | Feudal Age |
| 9:13 | Construir | Farm |
| 9:42 | Encolar | Villager (Male) |
| 9:42 | Encolar | Villager (Male) |
| 10:08 | Construir | Farm |
| 10:54 | Encolar | Villager (Male) |
| 11:00 | Construir | Farm |
| 11:02 | Edad | Edad Feudal |
| 11:07 | Construir | Market |
| 11:09 | Construir | Blacksmith |
| 12:21 | Investigar | Castle Age |
| 12:21 | Investigar | Castle Age |
| 12:26 | Construir | Mining Camp |
| 13:35 | Investigar | Double-Bit Axe |
| 14:19 | Investigar | Loom |
| 14:38 | Encolar | Villager (Male) |
| 14:38 | Encolar | Villager (Male) |
| 15:01 | Edad | Edad de los Castillos |
| 15:07 | Construir | Castle |
| 15:09 | Encolar | Villager (Male) |
| 15:09 | Encolar | Villager (Male) |
| 15:36 | Construir | Farm |
| 15:37 | Construir | Farm |
| 15:44 | Encolar | Villager (Male) |
| 16:04 | Construir | Farm |
| 16:09 | Construir | Monastery |
| 16:32 | Construir | House |
| 16:42 | Encolar | Villager (Male) |
| 16:42 | Encolar | Villager (Male) |
| 16:42 | Encolar | Villager (Male) |
| 16:47 | Investigar | Horse Collar |
| 17:08 | Encolar | Monk |
| 17:29 | Encolar | Villager (Male) |
| 17:29 | Encolar | Villager (Male) |
| 17:30 | Encolar | Villager (Male) |
| 17:33 | Construir | Mining Camp |
| 17:37 | Encolar | Villager (Male) |
| 17:37 | Encolar | Villager (Male) |
| 18:10 | Encolar | Villager (Male) |
| 18:10 | Encolar | Villager (Male) |
| 18:22 | Encolar | Hussite Wagon |
| 18:23 | Encolar | Hussite Wagon |
| 18:23 | Encolar | Hussite Wagon |
| 18:38 | Encolar | Villager (Male) |
| 18:55 | Encolar | Villager (Male) |
| 18:55 | Encolar | Villager (Male) |
| 19:00 | Encolar | Hussite Wagon |
| 19:01 | Encolar | Hussite Wagon |
| 19:10 | Encolar | Monk |
| 19:11 | Encolar | Monk |
| 19:20 | Encolar | Hussite Wagon |
| 19:20 | Encolar | Hussite Wagon |
| 19:25 | Encolar | Villager (Male) |
| 19:25 | Encolar | Villager (Male) |
| 19:26 | Encolar | Villager (Male) |
| 19:35 | Encolar | Monk |
| 19:36 | Encolar | Villager (Male) |
| 19:36 | Encolar | Villager (Male) |
| 19:37 | Encolar | Villager (Male) |
| 19:50 | Encolar | Villager (Male) |
| 19:51 | Encolar | Villager (Male) |
| 19:55 | Encolar | Hussite Wagon |
| 20:38 | Encolar | Villager (Male) |
| 20:38 | Encolar | Villager (Male) |
| 20:49 | Encolar | Hussite Wagon |
| 20:49 | Encolar | Hussite Wagon |
| 21:05 | Encolar | Hussite Wagon |
| 21:05 | Encolar | Hussite Wagon |
| 21:39 | Construir | Siege Workshop |
| 21:46 | Encolar | Villager (Male) |
| 21:46 | Encolar | Villager (Male) |
| 21:46 | Encolar | Villager (Male) |
| 22:09 | Encolar | Battering Ram |
| 22:19 | Encolar | Villager (Male) |
| 22:19 | Encolar | Villager (Male) |
| 22:37 | Encolar | Hussite Wagon |
| 22:52 | Encolar | Villager (Male) |
| 23:18 | Encolar | Mangonel |
| 23:18 | Encolar | Mangonel |
| 23:30 | Encolar | Villager (Male) |
| 23:33 | Construir | Lumber Camp |
| 23:45 | Encolar | Villager (Male) |
| 23:51 | Construir | Monastery |
| 24:20 | Encolar | Monk |
| 24:21 | Encolar | Monk |
| 24:42 | Construir | House |
| 24:43 | Construir | House |
| 25:19 | Encolar | Monk |
| 25:30 | Encolar | Villager (Male) |
| 25:33 | Construir | House |
| 26:03 | Encolar | Hussite Wagon |
| 26:04 | Encolar | Hussite Wagon |
| 26:15 | Construir | Barracks |
| 26:27 | Encolar | Hussite Wagon |
| 26:27 | Encolar | Hussite Wagon |
| 26:33 | Construir | Farm |
| 26:33 | Construir | Farm |
| 26:33 | Construir | Farm |
| 27:22 | Investigar | Imperial Age |
Build order — Chungus
Primeras 150 de 265 acciones detectadas
| 0:00 | Encolar | Villager (Male) |
| 0:01 | Encolar | Villager (Male) |
| 0:01 | Encolar | Villager (Male) |
| 0:02 | Construir | House |
| 0:04 | Construir | House |
| 0:18 | Encolar | Villager (Male) |
| 0:18 | Encolar | Villager (Male) |
| 1:26 | Encolar | Villager (Male) |
| 1:26 | Encolar | Villager (Male) |
| 1:59 | Encolar | Villager (Male) |
| 2:12 | Construir | Lumber Camp |
| 2:15 | Encolar | Villager (Male) |
| 2:15 | Encolar | Villager (Male) |
| 2:43 | Encolar | Villager (Male) |
| 2:58 | Encolar | Villager (Male) |
| 2:58 | Encolar | Villager (Male) |
| 3:31 | Encolar | Villager (Male) |
| 3:31 | Encolar | Villager (Male) |
| 3:35 | Encolar | Villager (Male) |
| 3:35 | Encolar | Villager (Male) |
| 3:53 | Construir | House |
| 3:53 | Construir | House |
| 3:57 | Construir | House |
| 4:02 | Construir | House |
| 4:17 | Encolar | Villager (Male) |
| 4:17 | Encolar | Villager (Male) |
| 4:18 | Encolar | Villager (Male) |
| 4:59 | Encolar | Villager (Male) |
| 5:00 | Encolar | Villager (Male) |
| 5:00 | Encolar | Villager (Male) |
| 5:17 | Construir | Mill |
| 5:48 | Encolar | Villager (Male) |
| 5:48 | Encolar | Villager (Male) |
| 5:48 | Encolar | Villager (Male) |
| 5:48 | Encolar | Villager (Male) |
| 6:32 | Encolar | Villager (Male) |
| 6:32 | Encolar | Villager (Male) |
| 6:33 | Encolar | Villager (Male) |
| 6:57 | Encolar | Villager (Male) |
| 6:59 | Encolar | Villager (Male) |
| 7:00 | Encolar | Villager (Male) |
| 7:09 | Construir | Mill |
| 7:57 | Encolar | Villager (Male) |
| 8:25 | Investigar | Feudal Age |
| 8:58 | Construir | Barracks |
| 9:25 | Construir | Farm |
| 10:16 | Construir | Farm |
| 10:35 | Construir | Mining Camp |
| 10:37 | Encolar | Villager (Male) |
| 10:37 | Encolar | Villager (Male) |
| 10:56 | Edad | Edad Feudal |
| 11:00 | Construir | Stable |
| 11:03 | Construir | Blacksmith |
| 11:11 | Encolar | Villager (Male) |
| 11:49 | Construir | Farm |
| 12:12 | Investigar | Castle Age |
| 12:12 | Investigar | Castle Age |
| 12:12 | Investigar | Castle Age |
| 12:15 | Investigar | Double-Bit Axe |
| 12:15 | Investigar | Double-Bit Axe |
| 12:23 | Construir | Farm |
| 12:31 | Encolar | Scout Cavalry |
| 13:04 | Investigar | Horse Collar |
| 13:04 | Investigar | Horse Collar |
| 13:05 | Encolar | Scout Cavalry |
| 13:38 | Encolar | Scout Cavalry |
| 13:53 | Encolar | Villager (Male) |
| 14:52 | Edad | Edad de los Castillos |
| 14:53 | Construir | Monastery |
| 14:54 | Encolar | Villager (Male) |
| 15:00 | Construir | House |
| 15:05 | Construir | House |
| 15:08 | Construir | Town Center |
| 15:14 | Encolar | Villager (Male) |
| 15:24 | Construir | Farm |
| 15:26 | Construir | Farm |
| 15:37 | Encolar | Monk |
| 15:37 | Encolar | Monk |
| 15:40 | Construir | Mining Camp |
| 15:48 | Investigar | Husbandry |
| 15:48 | Investigar | Husbandry |
| 15:51 | Investigar | Light Cavalry (upgrade) |
| 15:56 | Encolar | Villager (Male) |
| 15:58 | Construir | Farm |
| 16:02 | Encolar | Villager (Male) |
| 16:02 | Encolar | Villager (Male) |
| 16:02 | Encolar | Villager (Male) |
| 16:16 | Encolar | Monk |
| 16:20 | Construir | Farm |
| 16:23 | Construir | Farm |
| 16:23 | Encolar | Villager (Male) |
| 16:24 | Encolar | Villager (Male) |
| 16:27 | Construir | Farm |
| 16:38 | Construir | Farm |
| 16:59 | Encolar | Villager (Male) |
| 17:14 | Construir | Farm |
| 17:15 | Construir | Farm |
| 17:15 | Construir | Farm |
| 17:15 | Construir | Farm |
| 17:15 | Construir | Farm |
| 17:16 | Construir | Farm |
| 17:32 | Encolar | Villager (Male) |
| 17:39 | Encolar | Villager (Male) |
| 17:39 | Encolar | Villager (Male) |
| 17:45 | Construir | Stone Wall |
| 17:50 | Encolar | Villager (Male) |
| 17:50 | Encolar | Villager (Male) |
| 17:59 | Construir | Farm |
| 18:05 | Encolar | Villager (Male) |
| 18:06 | Encolar | Villager (Male) |
| 18:07 | Construir | House |
| 18:08 | Construir | House |
| 18:26 | Encolar | Villager (Male) |
| 18:26 | Encolar | Villager (Male) |
| 18:35 | Encolar | Villager (Male) |
| 18:40 | Encolar | Villager (Male) |
| 18:42 | Construir | Farm |
| 18:47 | Construir | House |
| 18:47 | Construir | House |
| 18:48 | Construir | House |
| 19:14 | Encolar | Villager (Male) |
| 19:26 | Encolar | Villager (Male) |
| 19:27 | Encolar | Villager (Male) |
| 19:36 | Encolar | Villager (Male) |
| 19:45 | Encolar | Villager (Male) |
| 19:45 | Encolar | Villager (Male) |
| 19:45 | Encolar | Villager (Male) |
| 19:49 | Construir | House |
| 20:05 | Construir | Mill |
| 20:05 | Construir | Farm |
| 20:06 | Construir | Farm |
| 20:06 | Construir | Farm |
| 20:06 | Construir | Farm |
| 20:06 | Construir | Farm |
| 20:07 | Construir | Farm |
| 20:07 | Construir | Farm |
| 20:09 | Encolar | Villager (Male) |
| 20:22 | Encolar | Villager (Male) |
| 20:22 | Encolar | Villager (Male) |
| 20:22 | Encolar | Villager (Male) |
| 20:32 | Encolar | Villager (Male) |
| 20:40 | Encolar | Villager (Male) |
| 20:51 | Encolar | Villager (Male) |
| 20:51 | Encolar | Villager (Male) |
| 21:05 | Encolar | Villager (Male) |
| 21:10 | Construir | Farm |
| 21:10 | Construir | Farm |
| 21:10 | Construir | Farm |
| 21:11 | Construir | Farm |
| 21:11 | Construir | Farm |
Cronología de la partida
| 8:58 | Chungus · first_building Barracks |
| 10:56 | Chungus · age_up feudal |
| 11:00 | Chungus · first_building Stable |
| 11:02 | LMG_SON SABANDIJAS · age_up feudal |
| 14:52 | Chungus · age_up castle |
| 14:53 | Chungus · first_building Monastery |
| 15:01 | LMG_SON SABANDIJAS · age_up castle |
| 15:07 | LMG_SON SABANDIJAS · first_building Castle |
| 16:09 | LMG_SON SABANDIJAS · first_building Monastery |
| 17:45 | Chungus · wall_segment Stone Wall x4 |
| 21:39 | LMG_SON SABANDIJAS · first_building Siege Workshop |
| 22:35 | Chungus · first_building Siege Workshop |
| 23:08 | Chungus · wall_segment Stone Wall x6 |
| 23:19 | Chungus · wall_segment Stone Wall x1 |
| 23:42 | LMG_SON SABANDIJAS · first_market_buy 100 wood |
| 26:15 | LMG_SON SABANDIJAS · first_building Barracks |
| 27:56 | LMG_SON SABANDIJAS · first_market_sell 100 stone |
| 28:20 | Chungus · wall_segment Palisade Wall x1 |
| 28:40 | Chungus · first_building Castle |
| 28:57 | Chungus · age_up imperial |
| 29:29 | Chungus · first_market_sell 100 food |
| 30:36 | LMG_SON SABANDIJAS · first_building Stable |
| 30:38 | LMG_SON SABANDIJAS · age_up imperial |
| 31:21 | LMG_SON SABANDIJAS · resign |
[ ANÁLISIS IA · 1 CRÉDITO ]
¿Qué pasó realmente en esta partida?
Wolo.gg analiza cada decisión: build order, eco, micro, errores típicos por bracket. Análisis personalizado por WhatsApp o Discord en 30 segundos.
Guía civ
Bohemios
Perfil
LMG_SON SABANDIJAS